 Dungeon Crawl Stone Soup version 0.28.0-43-g3370ac3207 (webtiles) character file.

Game seed: 7699767019213293672

18 cbfl8 the Chopper (level 2, -6/27 HPs)
             Began as a Minotaur Berserker on Mar 6, 2022.
             Was a Follower of Trog.
             Mangled by a gnoll
             ... wielding a +0 spear
              (7 damage)
             ... on level 1 of the Dungeon.
             The game lasted 00:01:05 (687 turns).

cbfl8 the Chopper (Minotaur Berserker)               Turns: 687, Time: 00:01:05

Health: -6/27      AC:  2    Str: 21    XL:     2   Next: 51%
Magic:  1/1        EV: 11    Int:  4    God:    Trog [*.....]
Gold:   49         SH:  3    Dex:  9    Spells: 1/1 levels left

rFire   . . .      SeeInvis .   a - +0 hand axe
rCold   . . .      Faith    +   g - +0 buckler
rNeg    . . .      Spirit   .   b - +0 animal skin
rPois   .          Reflect  .   (helmet restricted)
rElec   .          Harm     .   (no cloak)
rCorr   .          Rampage  .   (no gloves)
Will    .....                   (no boots)
Stlth   +.........              d - amulet of faith
HPRegen 0.09/turn               e - ring of flight
MPRegen 0.07/turn               (no ring)

@: on berserk cooldown, flying, slowed, very slow
A: horns 2, retaliatory headbutt
a: Renounce Religion, Berserk


You were on level 1 of the Dungeon.
You worshipped Trog.
Trog was aware of your devotion.
You visited 1 branch of the dungeon, and saw 1 of its levels.

You collected 49 gold pieces.

Inventory:

Hand Weapons
 a - a +0 hand axe (weapon)
Armour
 b - a +0 animal skin (worn)
 g - a +0 buckler (worn)
Jewellery
 d - an amulet of faith (around neck)
 e - a ring of flight (left hand)
Scrolls
 c - a scroll of fog {unknown}
 f - a scroll of teleportation {unknown}
 h - a scroll of immolation {unknown}
Potions
 i - a potion of curing {unknown}


   Skills:
 + Level 4.0 Fighting
 + Level 4.2 Axes
 + Level 2.5 Armour
 + Level 2.3 Dodging
 + Level 0.2 Shields


You had one spell level left.
You didn't know any spells.
Your spell library was empty.

Dungeon Overview and Level Annotations

Branches:
Dungeon (1/15)

Altars:


Innate Abilities, Weirdness & Mutations

You have a pair of horns on your head.
You reflexively headbutt those who attack you in melee.


Message History

Trog accepts your kill.
The hobgoblin drinks a potion.
The hobgoblin seems to speed up.
The gnoll barely misses you.
You see here a +0 whip.
The hobgoblin barely misses you. The gnoll closely misses you.
You block the hobgoblin's attack.
You hit the hobgoblin.
The hobgoblin is moderately wounded.
The hobgoblin hits you. The gnoll barely misses you.
You closely miss the hobgoblin.
The hobgoblin is moderately wounded.
The hobgoblin barely misses you. You furiously retaliate!
You headbutt the hobgoblin. The hobgoblin closely misses you.
You block the gnoll's attack.
You slash the hobgoblin!
You kill the hobgoblin!
Trog accepts your kill.
The gnoll hits you from afar with a +0 spear.
Okay, then.
A red film seems to cover your vision as you go berserk!
You feel yourself moving faster!
You feel mighty!
The gnoll hits you from afar with a +0 spear.
You feel a strong urge to attack something.
The frilled lizard hisses.
The gnoll hits you with a +0 spear.
You feel your anger nearly subside.
You are no longer berserk.
You are exhausted.
You feel yourself slow down.
The gnoll hits you from afar with a +0 spear!
* * * LOW HITPOINT WARNING * * *
You block the frilled lizard's attack.
The gnoll hits you from afar with a +0 spear.
* * * LOW HITPOINT WARNING * * *
The frilled lizard barely misses you. You furiously retaliate!
You headbutt the frilled lizard!
You kill the frilled lizard!
Trog accepts your kill. The gnoll closely misses you.
The gnoll hits you from afar with a +0 spear!
You die...

#..##.##..(..#
####.... ##...#
#.......# #....
#..##.##.......#
##... ...#
#.........# ##..
#.##.†...)...#
###
#..).†......#
#...........#
#..†........#
#.##g.@......#
..# #...#######
.... #.##..# #..
..# #...# ##....
.##.# #.. # .#
### .# #


You could see a gnoll.

Vanquished Creatures
  A worm (D:1)
  A dart slug (D:1)
  2 ball pythons (D:1)
  An endoplasm (D:1)
  A giant cockroach (D:1)
  A goblin (D:1)
  A hobgoblin (D:1)
  A kobold (D:1)
  5 frilled lizards (D:1)
14 creatures vanquished.

Notes
Turn   | Place    | Note
-------+----------+-------------------------------------------
     0 | D:1      | cbfl8 the Minotaur Berserker began the quest for the Orb.
     0 | D:1      | Reached XP level 1. HP: 19/19 MP: 0/0
   115 | D:1      | Reached XP level 2. HP: 14/27 MP: 1/1
   430 | D:1      | Found a faded altar of an unknown god.
   685 | D:1      | HP: 1/27 [gnoll/+0 spear (1)]
   687 | D:1      | Mangled by a gnoll

Illustrated notes

Levels and vault maps discovered:
D:1:      dpeg_arrival_brainrot, layout_rooms, shapermc_ecumenical_altar_ellora,
          minmay_vboxes

Skill      XL: |  1  2 |
---------------+-------+-----
Axes           | 4 |  4.2
Fighting       | 4 |  4.0
Armour         | |  2.5
Dodging        | |  2.3
Shields        | |  0.2

Action                   || total
-------------------------++-------
Melee: Hand axe          ||    30
       Headbutt          ||     3
Invok: Berserk           ||     1
Armor: Animal skin       ||     5
Dodge: Dodged            ||    23
Block: Buckler           ||     6
